 Dungeon Crawl Stone Soup version 0.29.0-4-gdea44cf6ec (webtiles) character file.

Game seed: 12271871652892536272

75 sanka the Magician (level 4, 0/32 HPs)
             Began as a Djinni Arcane Marksman on Aug 27, 2022.
             Slain by a black bear (2 damage)
             ... on level 3 of the Dungeon.
             The game lasted 00:02:18 (1995 turns).

sanka the Magician (Djinni Arcane Marksman)         Turns: 1995, Time: 00:02:19

Health: 0/32       AC:  2    Str:  9    XL:     4   Next: 55%
Gold:   170        EV: 12    Int: 16    God:
                   SH:  0    Dex: 14

rFire   + + .      SeeInvis .   m - +2 war axe (elec)
rCold   x . .      Faith    .   (no shield)
rNeg    . . .      Spirit   .   c - +0 robe
rPois   ∞          Reflect  .   (no helmet)
rElec   .          Harm     .   (no cloak)
rCorr   .          Rampage  .   (no gloves)
Will    .....                   (boots unavailable)
Stlth   +.........              (no amulet)
HPRegen 0.10/turn               (no ring)
MPRegen 0.00/turn               (no ring)

@: flying, very slightly contaminated, hasted, very quick
A: sickness immunity, fire resistance 2, cold vulnerability 1, float, innate
caster, HP casting, extra vitality 1
a: no special abilities


You were on level 3 of the Dungeon.
You visited 1 branch of the dungeon, and saw 3 of its levels.

You collected 170 gold pieces.


Innate Abilities, Weirdness & Mutations

You are immune to sickness and miasma.
You are immune to poison.
Your flesh is very heat resistant. (rF++)
You are vulnerable to cold. (rC-)
You float through the air rather than walking.
You learn spells naturally, not from books.
Your magical power is your life essence.
You have superior vitality. (+4 MHP)


   Skills:
 + Level 1.0 Fighting
 - Level 1.5 Ranged Weapons
 + Level 2.2 Dodging
 + Level 3.9 Spellcasting


You couldn't memorise any spells.
You knew the following spells:

 Your Spells              Type           Power      Damage    Failure   Level
c - Portal Projectile     Hex/Tloc       30%        N/A       11%         3
e - Apportation           Tloc           30%        N/A       3%          1
x - Inner Flame           Hex/Fire       15%        N/A       11%         3
z - Slow                  Hex            60%        N/A       3%          1
Q - Cause Fear            Hex            7%         N/A       34%         4
Your spell library was empty.

Inventory:

Hand Weapons
 a - a +1 sling
 m - a +2 war axe of electrocution (weapon)
Armour
 c - a +0 robe (worn)
Scrolls
 b - a scroll of poison
 d - 2 scrolls of identify {unknown}
 e - a scroll of enchant armour {unknown}
 g - a scroll of enchant weapon {unknown}
 i - a scroll of fear {unknown}
 j - 2 scrolls of teleportation {unknown}
 o - a scroll of amnesia {unknown}
 p - a scroll of brand weapon {unknown}
Potions
 f - a potion of degeneration {unknown}
 h - a potion of invisibility {unknown}
 k - a potion of brilliance {unknown}
 l - a potion of haste {@q3}
 n - 2 potions of curing {unknown}

Dungeon Overview and Level Annotations

Branches:
Dungeon (3/15)

Altars:

.. ▒.▒ ▒▒▒▒▒▒▒▒.▒ ▒.▒▒▒▒▒
▒▒.▒▒▒.▒▒▒▒▒▒▒▒▒▒▒.▒▒▒.....▒▒
.>.....................▒▒▒..▒
▒▒▒▒..▒▒▒▒▒▒...........▒ ▒..▒
▒.. ▒.▒▒▒▒▒.▒▒▒.▒▒▒.(▒ ▒..
▒.▒ ▒.▒ ▒......▒ ▒.. ▒.▒ ▒.▒
▒▒..▒▒.▒ ▒..
▒.▒▒▒▒▒.▒▒▒▒.<.▒.▒▒ ▒..
▒.▒▒.R............▒▒▒ ...
▒.▒▒h▒▒......)......▒
▒.▒▒.▒▒▒▒▒▒▒..▒...▒.▒▒ ▒.▒▒.▒
.....▒▒.▒...▒ ▒▒▒▒▒.▒▒.▒.▒
▒▒▒..▒▒.▒...▒ ...........▒
▒..▒▒......
▒▒▒▒▒.............▒▒......
▒▒▒▒.▒▒▒▒▒▒ ▒......... ▒.▒
▒.▒▒▒▒...▒


You could see a black bear.


Message History

The black bear claws you.
You barely miss the black bear. The black bear misses you.
The black bear barely misses you. The black bear claws you.
The black bear bites you.
* * * LOW HITPOINT WARNING * * *
The black bear claws you.
* * * LOW HITPOINT WARNING * * *
The black bear claws you.
* * * LOW HITPOINT WARNING * * *
The black bear attacks as you move away!
The black bear closely misses you. The black bear closely misses you.
The black bear barely misses you.
The spell is extremely dangerous to miscast (34% risk of failure)!
Continue anyway?
Look: a black bear (chance to affect: 54%)
You miscast Cause Fear.
You are very lightly contaminated with residual magic.
Nothing appears to happen.
* * * LOW HITPOINT WARNING * * *
The black bear bites you but does no damage.
The black bear claws you.
* * * LOW HITPOINT WARNING * * *
The black bear barely misses you.
You don't know that spell.
It was a potion of haste.
You feel yourself speed up. The black bear bites you.
You die...

Action                   |  1- 3 |  4- 6 || total
-------------------------+-------+-------++-------
Melee: War axe           |    14 |    10 ||    24
       Punch             |     1 |       ||     1
 Fire: Sling             |    87 |       ||    87
  Use: Potion            |       |     1 ||     1
Armor: Robe              |     7 |     2 ||     9
Dodge: Dodged            |    32 |    10 ||    42

Levels and vault maps discovered:
D:1:      lightli_molten_gateway, layout_basic
D:2:      layout_rooms
D:3:      layout_loops_ring, marbit_many_paths,
          shapermc_ecumenical_altar_pompeii, uniq_terence

Notes
Turn   | Place    | Note
-------+----------+-------------------------------------------
     0 | D:1      | sanka the Djinni Arcane Marksman began the quest for the
                  | Orb.
     0 | D:1      | sanka set off with the following spells memorised: Slow,
                  | Inner Flame, Portal Projectile, Cause Fear.
     0 | D:1      | Reached XP level 1. HP: 17/17 MP: 0/0
   452 | D:1      | Reached XP level 2. HP: 22/22 MP: 0/0
   922 | D:2      | Reached skill level 3 in Spellcasting
  1032 | D:2      | Reached XP level 3. HP: 27/27 MP: 0/0
  1032 | D:2      | Learned a level 1 spell: Apportation
  1540 | D:3      | Reached XP level 4. HP: 5/32 MP: 0/0
  1833 | D:3      | Found a faded altar of an unknown god.
  1985 | D:3      | Noticed a black bear
  1994 | D:3      | HP: 2/32 [black bear (4)]
  1995 | D:3      | Slain by a black bear

Vanquished Creatures
  An orc wizard (D:3)
  An adder (D:2)
  4 orcs (D:3)
  5 ball pythons
  A bat (D:1)
  5 endoplasms
  4 hobgoblins
  A quokka (D:1)
  3 frilled lizards
  4 goblins
  5 kobolds
  3 rats
37 creatures vanquished.
